 Dungeon Crawl Stone Soup version 0.18.1-2-ga659475 (webtiles) character file.

113 Hipnos the Vexing (level 4, 0/21 HPs)
             Began as a Spriggan Enchanter on May 8, 2016.
             Was an Initiate of Ashenzari.
             Succumbed to Crazy Yiuf's poison
             ... on level 3 of the Dungeon.
             The game lasted 00:10:31 (2461 turns).

Hipnos the Vexing (Spriggan Enchanter)              Turns: 2461, Time: 00:10:31

Health: 0/21       AC:  4    Str:  4    XL:     4   Next: 65%
Magic:  3/10       EV: 19    Int: 26    God:    Ashenzari [......]
Gold:   79         SH:  0    Dex: 16    Spells: 2 memorised, 4 levels left

rFire  + + .     SeeInvis +     o - +1 dagger (venom)
rCold  . . .     Gourm    .     b - +2 robe
rNeg   . . .     Faith    .     (shield restricted)
rPois  .         Spirit   .     (helmet restricted)
rElec  .         Dismiss  .     (no cloak)
rCorr  .         Reflect  .     (gloves unavailable)
SustAt .         Harm     .     (boots unavailable)
MR     .....                    (no amulet)
Stlth  +++.......               (no ring)
                                j - +4 ring of intelligence

@: brilliant, lethally poisoned (0 -> -11), invisible, very quick, not resistant
to hostile enchantments, fairly stealthy
A: unfitting armour, see invisible, fire resistance 2, herbivore 3, speed 3,
slow metabolism 2, evolution 1
a: Curse Item, Renounce Religion


You were on level 3 of the Dungeon.
You worshipped Ashenzari.
Ashenzari was noncommittal.
You were full.

You visited 1 branch of the dungeon, and saw 3 of its levels.

You collected 79 gold pieces.

Inventory:

Hand Weapons
 a - a +1 dagger
 o - a +1 dagger of venom (weapon)
Armour
 b - a +2 robe (worn)
Jewellery
 e - a cursed ring of loudness
 j - a +4 ring of intelligence (left hand)
Wands
 r - a wand of slowing (20/48)
Scrolls
 f - a scroll of fear
 i - 2 scrolls of teleportation
 m - 2 scrolls of magic mapping
 p - a scroll of amnesia
 q - a scroll of fog
Potions
 h - a potion of curing {unknown}
 k - a potion of flight
 l - 2 potions of mutation
 n - a potion of heal wounds {unknown}
 s - a potion of brilliance
 t - a potion of beneficial mutation {unknown}
Books
 c - a book of Maledictions

   Spells                             Type                      Level
   a - Corona                         Hexes                        1
   b - Ensorcelled Hibernation        Hexes/Ice                    2
   c - Confuse                        Hexes                        3
   d - Tukima's Dance                 Hexes                        3
   e - Dazzling Spray                 Conjuration/Hexes            3
 u - a book of Ice

   Spells                             Type                      Level
   a - Ice Form                       Ice/Transmutation            4
   b - Metabolic Englaciation         Hexes/Ice                    5
   c - Ozocubu's Refrigeration        Ice                          6
   d - Bolt of Cold                   Conjuration/Ice              6
   e - Freezing Cloud                 Conjuration/Ice/Air          6
   f - Simulacrum                     Ice/Necromancy               6
Comestibles
 d - a bread ration


   Skills:
 + Level 0.1 Fighting
 + Level 1.9 Short Blades
 + Level 4.0 Dodging
 - Level 4.4 Stealth
 - Level 3.4 Spellcasting
 * Level 5.3 Hexes
 - Level 0.1 Ice Magic


You had 4 spell levels left.
You knew the following spells:

 Your Spells              Type           Power        Failure   Level  Hunger
b - Ensorcelled Hibernat  Hex/Ice        ####..       1%          2    #......
c - Confuse               Hex            #####...     1%          3    ###....


Dungeon Overview and Level Annotations

Branches:
Dungeon (3/15)

Altars:
Ashenzari
Cheibriados
Fedhas
Pakellas
Qazlal
The Shining One

Annotations:
D:3 Crazy Yiuf


Innate Abilities, Weirdness & Mutations

You are tiny and cannot use many weapons and most armour.
You have supernaturally acute eyesight.
You are a herbivore.
You cover ground extremely quickly.
You need consume almost no food.
Your flesh is very heat resistant.
You evolve.


Message History

* * * LOW HITPOINT WARNING * * *
You feel sick.
* * * LOW HITPOINT WARNING * * *
You feel sick.
* * * LOW HITPOINT WARNING * * *
You feel sick.
It was a potion of mutation.
You feel extremely strange.
You feel resistant to heat.
You feel more resistant to heat.
You feel nature experimenting on you.
Don't worry, failures die fast.
* * * LOW HITPOINT WARNING * * *
You feel sick.
Crazy Yiuf sings, "Trees, trees, trees, circus!"
It was a potion of brilliance.
You feel clever all of a sudden.
* * * LOW HITPOINT WARNING * * *
You feel sick.
Drink which item? (? for menu, Esc to quit)
It was a potion of invisibility.
You fade into invisibility!
You die...

#.#.## #...#
###.##### #.#...#
#.#...#
##.#...####
####.........#
#...........†#
#@##.........#
#.############
#g# #.###♣♣♣♣♣
#.#....♣.♣♣♣#####
#.......♣..♣#...#
#......♣♣♣♣g'...#
##....♣♣ ♣♣#..)#
####♣♣ #####


You could see Crazy Yiuf.

Vanquished Creatures
  4 adders
  3 oozes
  A worm (D:2)
  3 giant geckos
  7 orcs (D:3)
  3 giant cockroaches
  7 goblins
  5 hobgoblins
  2 jackals (D:3)
  5 bats
  4 giant newts
  4 kobolds
  6 rats
54 creatures vanquished.

Notes
Turn   | Place    | Note
--------------------------------------------------------------
     0 | D:1      | Hipnos the Spriggan Enchanter began the quest for the Orb.
     0 | D:1      | Reached XP level 1. HP: 9/9 MP: 5/5
   168 | D:1      | Reached skill level 4 in Hexes
   180 | D:1      | Reached XP level 2. HP: 13/13 MP: 6/6
   184 | D:1      | Learned a level 2 spell: Ensorcelled Hibernation
  1188 | D:2      | Reached XP level 3. HP: 16/16 MP: 8/8
  1193 | D:2      | Learned a level 3 spell: Confuse
  1396 | D:2      | Reached skill level 5 in Hexes
  1679 | D:2      | Found a glowing golden altar of the Shining One.
  1695 | D:2      | Reached XP level 4. HP: 21/21 MP: 5/9
  2264 | D:3      | Found a blossoming altar of Fedhas.
  2303 | D:3      | Found an oddly glowing altar of Pakellas.
  2304 | D:3      | Found a stormy altar of Qazlal.
  2307 | D:3      | Found a snail-covered altar of Cheibriados.
  2307 | D:3      | Found a shattered altar of Ashenzari.
  2318 | D:3      | Became a worshipper of Ashenzari the Shackled
  2371 | D:3      | Noticed Crazy Yiuf
  2459 | D:3      | Gained mutation: Your flesh is heat resistant. [potion of mutation]
  2459 | D:3      | Gained mutation: Your flesh is very heat resistant. [potion of mutation]
  2459 | D:3      | Gained mutation: You evolve. [potion of mutation]
  2460 | D:3      | HP: 1/21 [poisoned by Crazy Yiuf]
  2461 | D:3      | Succumbed to Crazy Yiuf's poison

Skill      XL: |  1  2  3  4 |
---------------+-------------+-----
Hexes          | 4 5 |  5.3
Spellcasting   | 3 |  3.4
Dodging        | 4 |  4.0
Fighting       | |  0.1
Short Blades   | |  1.9
Stealth        | |  4.4
Ice Magic      | |  0.1

Action                   |  1- 3 |  4- 6 || total
-------------------------+-------+-------++-------
Melee: Dagger            |    79 |    61 ||   140
 Cast: Ensorcelled Hiber |    11 |       ||    11
       Confuse           |     2 |     9 ||    11
  Use: Scroll            |     6 |     2 ||     8
       Potion            |     3 |     3 ||     6
 Stab: Sleeping          |    16 |     5 ||    21
       Confused          |     1 |     1 ||     2
  Eat: Bread ration      |       |     1 ||     1
Armor: Robe              |     3 |     6 ||     9
Dodge: Dodged            |    44 |    53 ||    97
